BR (22 & UNDER)
GILBERT FIRE FIGHTERS @ PUEBLO PRAIRIE DOGS
07/30/2029
 
TOP OF THE 1ST
Gilbert Fire Fighters batting - Pitching for Pueblo Prairie Dogs : RHP Alonso Palmeiro
Pitching: RHP Alonso Palmeiro
Batting: RHB Raúl Ottoboni 0-0: Bunt missed!
0-1: Ball
1-1: SINGLE (Groundball, 6MD)
Batting: RHB George Medine 0-0: Fly out, F7 (Flyball, 7)
Batting: RHB Zachary Gadsden 0-0: Called Strike
0-1: Ball
1-1: Ball
2-1: Ball
Raúl Ottoboni steals 2nd base
3-1: SINGLE (Groundball, 6MD)
Raúl Ottoboni to third
Runner from 3rd tries for Home, SAFE, throw made home
Zachary Gadsden to second
Batting: RHB Travis Mchugh 0-0: Ball
1-0: Foul Ball, location: 2F
1-1: Foul Ball, location: 2F
1-2: Ball
2-2: Strikes out swinging
Batting: RHB Carlos Canales 0-0: SINGLE (Groundball, 56D)
Zachary Gadsden to third
Runner from 3rd tries for Home, SAFE, no throw
Batting: LHB Joe Kent 0-0: Fly out, F6 (Popup, 4MS)
Top of the 1st over - 2 runs, 3 hits, 0 errors, 1 left on base; Gilbert 2 - Pueblo 0
BOTTOM OF THE 1ST
Pueblo Prairie Dogs batting - Pitching for Gilbert Fire Fighters : LHP Eduardo López
Pitching: LHP Eduardo López
Batting: RHB Steve Murphy 0-0: Called Strike
0-1: Ball
1-1: Called Strike
1-2: Foul Ball, location: 2F
1-2: Strikes out looking
Batting: RHB Jason Fuller 0-0: Called Strike
0-1: Ball
1-1: Called Strike
1-2: Ball
2-2: Ball
3-2: Strikes out swinging
Batting: RHB Ánibal Barrios 0-0: Fly out, F7 (Flyball, 7S)
Bottom of the 1st over - 0 runs, 0 hits, 0 errors, 0 left on base; Gilbert 2 - Pueblo 0
TOP OF THE 2ND
Gilbert Fire Fighters batting - Pitching for Pueblo Prairie Dogs : RHP Alonso Palmeiro
Batting: SHB Germán Roseima 0-0: Called Strike
0-1: Ball
1-1: Foul Ball, location: 2F
1-2: Ball
2-2: Foul Ball, location: 2F
2-2: Fly out, F3 (Popup, 3)
Batting: LHB Bill Handy 0-0: SINGLE (Flyball, 78M)
Batting: RHB Edgardo Castro 0-0: Ball
1-0: Fly out, F8 (Line Drive, 8RXD)
Batting: RHB Raúl Ottoboni 0-0: Ball
1-0: SINGLE (Groundball, 4D)
Bill Handy to second
Runner from 2nd tries for 3rd, SAFE, no throw
Batting: RHB George Medine 0-0: Ball
1-0: Fly out, F7 (Line Drive, 7)
Top of the 2nd over - 0 runs, 2 hits, 0 errors, 2 left on base; Gilbert 2 - Pueblo 0
BOTTOM OF THE 2ND
Pueblo Prairie Dogs batting - Pitching for Gilbert Fire Fighters : LHP Eduardo López
Batting: RHB Danny Boykins 0-0: Ball
1-0: DOUBLE (Flyball, 89XD)
Batting: RHB Clancy Castro 0-0: Foul Ball, location: 2F
0-1: Fly out, F8 (Flyball, 8RS)
Batting: SHB Jeff Page 0-0: Called Strike
0-1: Swinging Strike
0-2: Ball
1-2: Strikes out looking
Batting: RHB Eric Barthorpe 0-0: Called Strike
0-1: Ball
1-1: Ball
2-1: Swinging Strike
2-2: Strikes out swinging
Bottom of the 2nd over - 0 runs, 1 hit, 0 errors, 1 left on base; Gilbert 2 - Pueblo 0
TOP OF THE 3RD
Gilbert Fire Fighters batting - Pitching for Pueblo Prairie Dogs : RHP Alonso Palmeiro
Batting: RHB Zachary Gadsden 0-0: Called Strike
0-1: SINGLE (Groundball, 6MD)
Batting: RHB Travis Mchugh 0-0: Called Strike
0-1: Ball
1-1: Ball
2-1: Grounds into double play, 6-4-3 (Groundball, 6)
Batting: RHB Carlos Canales 0-0: Foul Ball, location: 2F
0-1: Swinging Strike
0-2: Strikes out swinging
Top of the 3rd over - 0 runs, 1 hit, 0 errors, 0 left on base; Gilbert 2 - Pueblo 0
BOTTOM OF THE 3RD
Pueblo Prairie Dogs batting - Pitching for Gilbert Fire Fighters : LHP Eduardo López
Batting: LHB Ronaldo Trovisqueira 0-0: Foul Ball, location: 2F
0-1: Foul Ball, location: 2F
0-2: Strikes out swinging
Batting: LHB Jesse Bowen 0-0: Ball
1-0: Ground out 6-3 (Groundball, 6)
Batting: RHB Steve Murphy 0-0: Ground out 3-1 (Groundball, 34)
Bottom of the 3rd over - 0 runs, 0 hits, 0 errors, 0 left on base; Gilbert 2 - Pueblo 0
TOP OF THE 4TH
Gilbert Fire Fighters batting - Pitching for Pueblo Prairie Dogs : RHP Alonso Palmeiro
Batting: LHB Joe Kent 0-0: Called Strike
0-1: Foul Ball, location: 2F
0-2: Foul Ball, location: 2F
0-2: Strikes out swinging
Batting: SHB Germán Roseima 0-0: Ball
1-0: Foul Ball, location: 2F
1-1: SINGLE (Groundball, 4MD)
Batting: LHB Bill Handy 0-0: Ball
1-0: Foul Ball, location: 2F
1-1: Foul Ball, location: 2F
1-2: Ball
2-2: SINGLE (Line Drive, 7S)
Germán Roseima to second
Batting: RHB Edgardo Castro 0-0: Fly out, F9 (Flyball, 9S)
Batting: RHB Raúl Ottoboni 0-0: Called Strike
0-1: Called Strike
0-2: Ball
1-2: Strikes out swinging
Top of the 4th over - 0 runs, 2 hits, 0 errors, 2 left on base; Gilbert 2 - Pueblo 0
BOTTOM OF THE 4TH
Pueblo Prairie Dogs batting - Pitching for Gilbert Fire Fighters : LHP Eduardo López
Batting: RHB Jason Fuller 0-0: Ball
1-0: Called Strike
1-1: Fly out, F9 (Flyball, 9LS)
Batting: RHB Ánibal Barrios 0-0: Swinging Strike
0-1: Foul Ball, location: 2F
0-2: SINGLE (Groundball, 56D)
Batting: RHB Danny Boykins 0-0: Ball
1-0: Fly out, F8 (Flyball, 8LS)
Batting: RHB Clancy Castro 0-0: Ball
1-0: Ball
2-0: Called Strike
2-1: Foul Ball, location: 2F
2-2: Fly out, F2 (Popup, 23F)
Bottom of the 4th over - 0 runs, 1 hit, 0 errors, 1 left on base; Gilbert 2 - Pueblo 0
TOP OF THE 5TH
Gilbert Fire Fighters batting - Pitching for Pueblo Prairie Dogs : RHP Alonso Palmeiro
Batting: RHB George Medine 0-0: Ball
1-0: Foul Ball, location: 2F
1-1: Called Strike
1-2: Foul Ball, location: 2F
1-2: Foul Ball, location: 2F
1-2: Ball
2-2: Ground out 6-3 (Groundball, 56)
Batting: RHB Zachary Gadsden 0-0: Called Strike
0-1: SINGLE (Groundball, 34D)
Batting: RHB Travis Mchugh 0-0: Fly out, F9 (Flyball, 89S)
Batting: RHB Carlos Canales 0-0: Called Strike
0-1: Foul Ball, location: 2F
0-2: SINGLE (Groundball, 34) (infield hit)
Zachary Gadsden to second
Batting: LHB Joe Kent 0-0: Swinging Strike
0-1: Called Strike
0-2: Strikes out looking
Top of the 5th over - 0 runs, 2 hits, 0 errors, 2 left on base; Gilbert 2 - Pueblo 0
BOTTOM OF THE 5TH
Pueblo Prairie Dogs batting - Pitching for Gilbert Fire Fighters : LHP Eduardo López
Batting: SHB Jeff Page 0-0: Fly out, F7 (Flyball, 7)
Batting: RHB Eric Barthorpe 0-0: Ball
1-0: Called Strike
1-1: Foul Ball, location: 2F
1-2: Fly out, F9 (Flyball, 9LMF)
Batting: LHB Ronaldo Trovisqueira 0-0: Hit by Pitch
Batting: LHB Jesse Bowen 0-0: Called Strike
0-1: Ball
1-1: Foul Ball, location: 2F
1-2: Ball
2-2: Fly out, F7 (Flyball, 7D)
Bottom of the 5th over - 0 runs, 0 hits, 0 errors, 1 left on base; Gilbert 2 - Pueblo 0
TOP OF THE 6TH
Gilbert Fire Fighters batting - Pitching for Pueblo Prairie Dogs : RHP Alonso Palmeiro
Batting: SHB Germán Roseima 0-0: Called Strike
0-1: Ball
1-1: Called Strike
1-2: Ball
2-2: Strikes out swinging
Batting: LHB Bill Handy 0-0: SINGLE (Groundball, 6MD)
Batting: RHB Edgardo Castro 0-0: Ball
Bill Handy steals 2nd base
1-0: Foul Ball, location: 2F
1-1: Ball
2-1: Ball
3-1: Base on Balls
Batting: RHB Raúl Ottoboni 0-0: Ball
1-0: Called Strike
1-1: Swinging Strike
1-2: SINGLE (Flyball, 7S)
Bill Handy to third
Edgardo Castro to second
Batting: RHB George Medine 0-0: Ball
1-0: Swinging Strike
1-1: Ball
2-1: Foul Ball, location: 2F
2-2: Ball
3-2: Foul Ball, location: 2F
3-2: Foul Ball, location: 2F
3-2: Foul Ball, location: 2F
3-2: SINGLE (Flyball, 9S)
Bill Handy scores
Edgardo Castro to third
Raúl Ottoboni to second
Batting: RHB Zachary Gadsden 0-0: Called Strike
0-1: Fly out, F9 (Flyball, 9LM)
Runner from 3rd tags up, SCORES, throw made
Batting: RHB Travis Mchugh 0-0: Called Strike
0-1: Ball
1-1: SINGLE (Line Drive, 6)
Raúl Ottoboni to third
George Medine to second
Runner from 3rd tries for Home, SAFE, throw made home
Batting: RHB Carlos Canales 0-0: Swinging Strike
0-1: Foul Ball, location: 2F
0-2: Fly out, F9 (Flyball, 9LS)
Top of the 6th over - 3 runs, 4 hits, 0 errors, 2 left on base; Gilbert 5 - Pueblo 0
BOTTOM OF THE 6TH
Pueblo Prairie Dogs batting - Pitching for Gilbert Fire Fighters : LHP Eduardo López
Batting: RHB Steve Murphy 0-0: Called Strike
0-1: Ball
1-1: Ball
2-1: Foul Ball, location: 2F
2-2: Foul Ball, location: 2F
2-2: Ball
3-2: Ground out 6-3 (Groundball, 6)
Batting: RHB Jason Fuller 0-0: Ball
1-0: Foul Ball, location: 2F
1-1: SINGLE (Flyball, 78S)
Batting: RHB Ánibal Barrios 0-0: Ball
1-0: Foul Ball, location: 2F
1-1: Called Strike
1-2: Foul Ball, location: 2F
1-2: Fly out, F8 (Flyball, 8RS)
Batting: RHB Danny Boykins 0-0: Foul Ball, location: 2F
0-1: Called Strike
0-2: Ball
1-2: Ball
2-2: Ball
3-2: Base on Balls
Jason Fuller to second
Batting: RHB Clancy Castro 0-0: Ball
1-0: Foul Ball, location: 2F
1-1: Called Strike
1-2: Ball
2-2: Foul Ball, location: 2F
2-2: Strikes out looking
Bottom of the 6th over - 0 runs, 1 hit, 0 errors, 2 left on base; Gilbert 5 - Pueblo 0
TOP OF THE 7TH
Gilbert Fire Fighters batting - Pitching for Pueblo Prairie Dogs : RHP Alonso Palmeiro
Pitching: RHP Jamie Arce
Batting: LHB Joe Kent 0-0: Swinging Strike
0-1: Ground out 4-3 (Groundball, 4M)
Batting: SHB Germán Roseima 0-0: Called Strike
0-1: Foul Ball, location: 2F
0-2: Strikes out swinging
Batting: LHB Bill Handy 0-0: Ball
1-0: Called Strike
1-1: Called Strike
1-2: SINGLE (Line Drive, 9S)
Batting: RHB Edgardo Castro 0-0: Ball
Bill Handy steals 2nd base
1-0: Foul Ball, location: 2F
1-1: Foul Ball, location: 2F
1-2: Ground out 6-3 (Groundball, 6)
Top of the 7th over - 0 runs, 1 hit, 0 errors, 1 left on base; Gilbert 5 - Pueblo 0
BOTTOM OF THE 7TH
Pueblo Prairie Dogs batting - Pitching for Gilbert Fire Fighters : LHP Eduardo López
Batting: SHB Jeff Page 0-0: Called Strike
0-1: Ball
1-1: Ball
2-1: Ball
3-1: Foul Ball, location: 2F
3-2: Strikes out swinging
Batting: RHB Eric Barthorpe 0-0: Called Strike
0-1: Foul Ball, location: 2F
0-2: Ball
1-2: Ball
2-2: Ground out 1-3 (Groundball, 13)
Batting: LHB Ronaldo Trovisqueira 0-0: Fly out, F7 (Flyball, 7S)
Bottom of the 7th over - 0 runs, 0 hits, 0 errors, 0 left on base; Gilbert 5 - Pueblo 0
TOP OF THE 8TH
Gilbert Fire Fighters batting - Pitching for Pueblo Prairie Dogs : RHP Jamie Arce
Batting: RHB Raúl Ottoboni 0-0: Ball
1-0: Ball
2-0: Ball
3-0: Called Strike
3-1: Fly out, F9 (Flyball, 9D)
Batting: RHB George Medine 0-0: Ball
1-0: Ball
2-0: Foul Ball, location: 2F
2-1: Ball
3-1: Called Strike
3-2: Ground out 5-3 (Groundball, 56)
Batting: RHB Zachary Gadsden 0-0: Foul Ball, location: 2F
0-1: Foul Ball, location: 2F
0-2: Ball
1-2: Ball
2-2: Foul Ball, location: 2F
2-2: Strikes out swinging
Top of the 8th over - 0 runs, 0 hits, 0 errors, 0 left on base; Gilbert 5 - Pueblo 0
BOTTOM OF THE 8TH
Pueblo Prairie Dogs batting - Pitching for Gilbert Fire Fighters : LHP Eduardo López
Batting: LHB Jesse Bowen 0-0: Ground out 4-3 (Groundball, 4)
Batting: RHB Steve Murphy 0-0: Ball
1-0: Ground out 5-3 (Groundball, 56)
Batting: RHB Jason Fuller 0-0: Ball
1-0: Ball
2-0: SINGLE (Groundball, 56D)
Batting: RHB Ánibal Barrios 0-0: Fielders Choice at 2nd, 5-4 (Groundball, 56)
Bottom of the 8th over - 0 runs, 1 hit, 0 errors, 1 left on base; Gilbert 5 - Pueblo 0
TOP OF THE 9TH
Gilbert Fire Fighters batting - Pitching for Pueblo Prairie Dogs : RHP Jamie Arce
Batting: RHB Travis Mchugh 0-0: Called Strike
0-1: Fly out, F9 (Line Drive, 9)
Batting: RHB Carlos Canales 0-0: Ball
1-0: Foul Ball, location: 2F
1-1: Ball
2-1: SINGLE (Line Drive, 4M)
Batting: LHB Joe Kent 0-0: Ball
1-0: Called Strike
1-1: Ball
2-1: Ball
3-1: Base on Balls
Carlos Canales to second
Batting: SHB Germán Roseima 0-0: Ball
1-0: Foul Ball, location: 2F
1-1: SINGLE (Flyball, 7S)
Carlos Canales to third
Joe Kent to second
Runner from 3rd tries for Home, SAFE, throw made home
Batting: LHB Bill Handy 0-0: Ball
1-0: Reached on error, E3 (Groundball, 3)
Joe Kent to third
Germán Roseima to second
Batting: RHB Edgardo Castro 0-0: Called Strike
0-1: Called Strike
0-2: Ball
1-2: Ball
2-2: Ball
Wild Pitch!
Joe Kent scores
Germán Roseima to third
Bill Handy to second
3-2: Ground out 4-3 (Groundball, 4)
Germán Roseima scores
Bill Handy to third
Batting: RHB Raúl Ottoboni 0-0: Ball
1-0: Swinging Strike
1-1: Ball
2-1: Swinging Strike
2-2: Ball
3-2: Foul Ball, location: 2F
3-2: 2-RUN HOME RUN (Flyball, 7D), Distance : 412 ft
Pinch Hitting: LHB Kyle Robbins 0-0: Foul Ball, location: 2F
0-1: Ball
1-1: Foul Ball, location: 2F
1-2: Ground out 4-3 (Groundball, 4)
Top of the 9th over - 5 runs, 3 hits, 1 error, 0 left on base; Gilbert 10 - Pueblo 0
BOTTOM OF THE 9TH
Pueblo Prairie Dogs batting - Pitching for Gilbert Fire Fighters : LHP Eduardo López
Now at 3B: Juan González
Batting: RHB Danny Boykins 0-0: Called Strike
0-1: SINGLE (Flyball, 78M)
Batting: RHB Clancy Castro 0-0: Ball
1-0: Fly out, F3 (Popup, 3SF)
Batting: SHB Jeff Page 0-0: Ball
1-0: Swinging Strike
1-1: Foul Ball, location: 2F
1-2: Ball
2-2: Ball
3-2: Strikes out swinging
Batting: RHB Eric Barthorpe 0-0: Ball
1-0: Called Strike
1-1: Foul Ball, location: 2F
1-2: Ball
2-2: SINGLE (Line Drive, 34D)
Danny Boykins to second
Batting: LHB Ronaldo Trovisqueira 0-0: Called Strike
0-1: Ball
1-1: Ball
2-1: Swinging Strike
2-2: Ball
3-2: Fly out, F8 (Line Drive, 8LD)
Bottom of the 9th over - 0 runs, 2 hits, 0 errors, 2 left on base; Gilbert 10 - Pueblo 0
Saturday, December 16th, 2017 - OOTP Baseball 18.8 Build 76